 Dungeon Crawl Stone Soup version 0.23-a0-275-g0cf4261 (webtiles) character file.

42 Cavelight the Digger (level 3, 0/19 HPs)
             Began as a Gargoyle Earth Elementalist on Oct 3, 2018.
             Slain by an adder (1 damage)
             ... on level 2 of the Dungeon.
             The game lasted 00:07:17 (1432 turns).

Cavelight the Digger (Gargoyle Earth Elementalist)  Turns: 1432, Time: 00:07:18

Health: 0/19       AC:  5    Str: 11 (12) XL:     3   Next: 54%
Magic:  7/7        EV: 12    Int: 13 (15) God:
Gold:   73         SH:  0    Dex:  8 (10) Spells: 6/7 levels left

rFire    . . .     SeeInvis .   n - +0 short sword
rCold    . . .     Gourm    .   (no shield)
rNeg     + . .     Faith    .   c - +0 robe
rPois    ∞         Spirit   .   (no helmet)
rElec    +         Reflect  .   (no cloak)
rCorr    .         Harm     .   (no gloves)
MR       .....                  (no boots)
Stlth    ++........             (no amulet)
HPRegen  0.06/turn              (no ring)
MPRegen  0.10/turn              (no ring)

@: hasted, very quick
A: deterioration 1, negative energy resistance 1, electricity resistance, wild
magic 1, unbreathing, petrification resistance, rot immunity, AC +3
a: no special abilities


You were on level 2 of the Dungeon.
You were not hungry.

You visited 1 branch of the dungeon, and saw 2 of its levels.

You collected 73 gold pieces.

Inventory:

Hand Weapons
 k - a +0 dagger
   (You found it on level 1 of the Dungeon)
 n - a +0 short sword (weapon)
   (You took it off a kobold on level 1 of the Dungeon)
Missiles
 h - 5 javelins of penetration (quivered)
Armour
 c - a +0 robe (worn)
Scrolls
 d - a scroll of magic mapping {unknown}
 f - a scroll of fear {unknown}
 j - a scroll of enchant weapon {unknown}
 m - a scroll of identify {unknown}
Comestibles
 e - 2 rations {!d}
 i - a chunk of flesh


   Skills:
 - Level 1.5 Dodging
 - Level 2.1 Stealth
 + Level 2.9 Spellcasting
   Level 0.7 Transmutations
 + Level 4.5 Earth Magic


You had 6 spell levels left.
You knew the following spells:

 Your Spells              Type           Power        Failure   Level  Hunger
a - Sandblast             Erth           ###...       6%          1    #......

Your spell library contained the following spells:

 Spells                   Type           Power        Failure   Level  Hunger
 Passwall                 Tmut/Erth      ##......     17%         2    ###....
 Stone Arrow              Conj/Erth      ##....       34%         3    ###....
 Petrify                  Tmut/Erth      ##......     69%         4    #####..
 Lee's Rapid Deconstruct  Erth           ###.......   77%         5    ######.


Dungeon Overview and Level Annotations

Branches:
Dungeon (2/15)

Altars:


Innate Abilities, Weirdness & Mutations

You are resistant to torment.
Your stone body is resilient. (AC +3)
You are immune to poison.
You resist negative energy. (rN+)
You are resistant to electric shocks. (rElec)
You can survive without breathing.
You are immune to petrification.
You are immune to rotting.
Your body sometimes deteriorates upon taking damage.
Your spells are a little harder to cast, but a little more powerful.


Message History

The jackal completely misses you. The jackal closely misses you.
It was a potion of mutation.
You feel extremely strange.
You feel yourself wasting away.
You feel less in control of your magic. The jackal barely misses you.
It was a potion of haste.
You feel yourself speed up.
The jackal bites you but does no damage. x2
You hit the jackal.
The jackal bites you but does no damage.
You hit the jackal but do no damage. The jackal barely misses you.
You barely miss the jackal.
The jackal bites you but does no damage.
You hit the jackal. The jackal bites you.
* * * LOW HITPOINT WARNING * * *
Your body deteriorates!
You feel clumsy.
Unknown command.
You see here 3 javelins of penetration.
h - 3 javelins of penetration The jackal closely misses you.
As you open the door, it creaks loudly! The jackal bites you.
* * * LOW HITPOINT WARNING * * *
Throwing (i - inventory)
h - 3 javelins of penetration (quivered)
Aim: a jackal (moderately wounded)
You throw a javelin of penetration.
The javelin of penetration pierces through the jackal.
You kill the jackal!
Okay, then.
Unknown command.
Okay, then.
Quiver which item? (- for none, * to show all) (? for menu, Esc to quit)
Okay, then.
Unknown command.
Unknown command.
Unknown command.
Unknown command.
Unknown command.
Unknown command.
Unknown command.
Welcome back, Cavelight the Gargoyle Earth Elementalist.
Unknown command.
Unknown command.
There is an open door here.
h - 5 javelins of penetration (gained 3)
There is a stone staircase leading down here.
You climb downwards.
The adder closely misses you. The adder bites you but does no damage.
There is a stone staircase leading up here.
The adder bites you but does no damage. The adder bites you.
You die...

#.. #.# #.# ...
#.# #$#
#######.###.#...
#@.gr....†......
#S#.##.####.....
#.#.##.# ...
#...)#.# .
#.###..# #.# .##
#.# #.# ### #.


You could see an adder, a hobgoblin and a rat.

Vanquished Creatures
  3 dart slugs (D:1)
  A leopard gecko (D:1)
  A giant cockroach (D:1)
  2 goblins (D:1)
  3 hobgoblins (D:1)
  6 jackals
  4 bats (D:1)
  5 frilled lizards (D:1)
  4 kobolds (D:1)
  4 rats (D:1)
33 creatures vanquished.

Notes
Turn   | Place    | Note
-------+----------+-------------------------------------------
     0 | D:1      | Cavelight the Gargoyle Earth Elementalist began the quest
                  | for the Orb.
     0 | D:1      | Reached XP level 1. HP: 10/10 MP: 3/3
   297 | D:1      | Reached XP level 2. HP: 15/15 MP: 1/5
   367 | D:1      | Reached skill level 4 in Earth Magic
   721 | D:1      | Reached XP level 3. HP: 19/19 MP: 3/6
  1394 | D:1      | Gained mutation: Your body sometimes deteriorates upon
                  | taking damage. [potion of mutation]
  1394 | D:1      | Gained mutation: Your spells are a little harder to cast,
                  | but a little more powerful. [potion of mutation]
  1432 | D:2      | Slain by an adder

Vault maps used:
D:1:      matt_arrival_diagonals
D:2:      item_on_display_a

Skill      XL: |  1  2 |
---------------+-------+-----
Earth Magic    | 4 |  4.5
Dodging        | |  1.5
Stealth        | |  2.1
Spellcasting   | |  2.9
Transmutations | |  0.7

Action                   || total
-------------------------++-------
Melee: Unarmed           ||     3
       Dagger            ||    11
       Short sword       ||     5
Throw: Javelin           ||     8
       Stone             ||     1
 Cast: Sandblast         ||    34
  Use: Potion            ||     3
 Stab: Sleeping          ||     4
  Eat: Chunk             ||     2
Armor: Robe              ||    23
Dodge: Dodged            ||    39

Table legend:
 A = Non-vault XP
 B = Vault XP
 C = Vault XP percentage of total XP
 D = Non-vault monster count
 E = Vault monster count
 F = Vault count percentage of total count
                 A         B        C        D         E       F
            +---------+---------+-------+---------+---------+-------
      Total |      60 |       0 |   0.0 |      33 |       0 |   0.0
            +---------+---------+-------+---------+---------+-------
        D:1 |      58 |       0 |   0.0 |      32 |       0 |   0.0
        D:2 |       2 |       0 |   0.0 |       1 |       0 |   0.0
            +---------+---------+-------+---------+---------+-------
